| TOP OF THE 1ST |
|
State College Spikes batting - Pitching for Milwaukee (NYP) Brewers : RHP Brad Nathan
|
|
Pitching: RHP Brad Nathan
|
|
|
Batting: LHB Mike East
|
0-0: Ball 1-0: Called Strike 1-1: Called Strike 1-2: Strikes out swinging
|
|
Batting: RHB Ben Politi
|
0-0: Called Strike 0-1: Called Strike 0-2: Ball 1-2: Strikes out swinging
|
|
Batting: RHB Nelson Salamanca
|
0-0: Ball 1-0: Ball 2-0: Ground out 6-3 (Groundball, 6D, EV 101.9 MPH)
|
| Top of the 1st over - 0 runs, 0 hits, 0 errors, 0 left on base; State College 0 - Milwaukee (NYP) 0 |
| BOTTOM OF THE 1ST |
|
Milwaukee (NYP) Brewers batting - Pitching for State College Spikes : LHP Eddie San Miguel
|
|
Pitching: LHP Eddie San Miguel
|
|
|
Batting: LHB Fumito Sakurai
|
0-0: Foul Ball, location: 2F 0-1: Foul Ball, location: 2F 0-2: Foul Ball, location: 2F 0-2: Foul Ball, location: 2F 0-2: Foul Ball, location: 2F 0-2: Ball 1-2: Strikes out looking
|
|
Batting: SHB Jerry Duffy
|
0-0: Ball 1-0: Ball 2-0: Ball 3-0: Base on Balls
|
|
Batting: RHB Dan Allred
|
0-0: Ball 1-0: SINGLE (Line Drive, 8LS, EV 104.4 MPH) Jerry Duffy to second
|
|
Batting: RHB Tony Beaumond
|
0-0: Called Strike 0-1: Ball 1-1: Fly out, F8 (Flyball, 89D, EV 91.2 MPH)
|
|
Batting: RHB Lorenzo Diaz
|
0-0: Ball 1-0: Ball 2-0: Ground out 4-3 (Groundball, P, EV 86.2 MPH)
|
| Bottom of the 1st over - 0 runs, 1 hit, 0 errors, 2 left on base; State College 0 - Milwaukee (NYP) 0 |
| TOP OF THE 2ND |
|
State College Spikes batting - Pitching for Milwaukee (NYP) Brewers : RHP Brad Nathan
|
|
Batting: LHB Ken Morehead
|
0-0: Called Strike 0-1: Foul Ball, location: 2F 0-2: Strikes out swinging
|
|
Batting: RHB Shou-feng Chang
|
0-0: Called Strike 0-1: Foul Ball, location: 2F 0-2: DOUBLE (Line Drive, 9LS, EV 101.9 MPH)
|
|
Batting: SHB Bobby Mercado
|
0-0: Foul Ball, location: 2F Balk! Shou-feng Chang to third 0-1: Swinging Strike 0-2: Ground out 4-3 (Groundball, 4, EV 92.5 MPH) Shou-feng Chang scores
|
|
Batting: SHB Justin Towry
|
0-0: Ball 1-0: Foul Ball, location: 2F 1-1: Called Strike 1-2: Foul Ball, location: 2F 1-2: Strikes out swinging
|
| Top of the 2nd over - 1 run, 1 hit, 0 errors, 0 left on base; State College 1 - Milwaukee (NYP) 0 |
| BOTTOM OF THE 2ND |
|
Milwaukee (NYP) Brewers batting - Pitching for State College Spikes : LHP Eddie San Miguel
|
|
Batting: LHB Tyler Francis
|
0-0: Called Strike 0-1: Ball 1-1: Foul Ball, location: 2F 1-2: Foul Ball, location: 2F 1-2: Foul Ball, location: 2F 1-2: Ball 2-2: Reached on error, E4 (Groundball, 34, EV 88.1 MPH)
|
|
Batting: SHB Sam Bingham
|
0-0: Ball 1-0: Swinging Strike 1-1: Fly out, F8 (Flyball, 78D, EV 103.8 MPH)
|
|
Batting: LHB Greg Reedy
|
0-0: Called Strike Tyler Francis is caught stealing 2nd base 2-6 0-1: Ball 1-1: Ball 2-1: Swinging Strike 2-2: Strikes out swinging wild pitch, reaches first!
|
|
Batting: RHB Juan Villanueva
|
0-0: Swinging Strike 0-1: Ball 1-1: Called Strike 1-2: Foul Ball, location: 2F 1-2: Foul Ball, location: 2F 1-2: DOUBLE (Line Drive, 9LS, EV 101.2 MPH) Greg Reedy to third Greg Reedy scores
|
|
Batting: LHB Fumito Sakurai
|
0-0: Called Strike 0-1: Ball 1-1: Called Strike 1-2: Foul Ball, location: 2F 1-2: Ball 2-2: Foul Ball, location: 2F 2-2: Strikes out swinging
|
| Bottom of the 2nd over - 1 run, 1 hit, 1 error, 1 left on base; State College 1 - Milwaukee (NYP) 1 |
| TOP OF THE 3RD |
|
State College Spikes batting - Pitching for Milwaukee (NYP) Brewers : RHP Brad Nathan
|
|
Batting: LHB Ken Compton
|
0-0: SINGLE (Groundball, 4D, EV 97.5 MPH)
|
|
Batting: RHB Nick Latulippe
|
0-0: Called Strike Ken Compton steals 2nd base (no throw) 0-1: TRIPLE (Flyball, 7D, EV 103.1 MPH) Ken Compton scores
|
|
Batting: LHB Mike East
|
0-0: Called Strike 0-1: Ball Wild Pitch! Nick Latulippe scores 1-1: Swinging Strike 1-2: Foul Ball, location: 2F 1-2: Foul Ball, location: 2F 1-2: Ball 2-2: Foul Ball, location: 2F 2-2: Foul Ball, location: 2F 2-2: Foul Ball, location: 2F 2-2: Ball 3-2: Foul Ball, location: 2F 3-2: Fly out, F7 (Flyball, 7, EV 85.6 MPH)
|
|
Batting: RHB Ben Politi
|
0-0: Ball 1-0: Called Strike 1-1: Ball 2-1: Foul Ball, location: 2F 2-2: Strikes out swinging
|
|
Batting: RHB Nelson Salamanca
|
0-0: Swinging Strike 0-1: Ball 1-1: Swinging Strike 1-2: Ball 2-2: Ball 3-2: Base on Balls
|
|
Batting: LHB Ken Morehead
|
0-0: Called Strike 0-1: Foul Ball, location: 2F 0-2: Strikes out swinging
|
| Top of the 3rd over - 2 runs, 2 hits, 0 errors, 1 left on base; State College 3 - Milwaukee (NYP) 1 |
| BOTTOM OF THE 3RD |
|
Milwaukee (NYP) Brewers batting - Pitching for State College Spikes : LHP Eddie San Miguel
|
|
Batting: SHB Jerry Duffy
|
0-0: Swinging Strike 0-1: Foul Ball, location: 2F 0-2: Strikes out swinging
|
|
Batting: RHB Dan Allred
|
0-0: Ball 1-0: Ground out 4-3 (Groundball, 4, EV 88.8 MPH)
|
|
Batting: RHB Tony Beaumond
|
0-0: Ball 1-0: Fly out, F8 (Flyball, 8RD, EV 94.4 MPH)
|
| Bottom of the 3rd over - 0 runs, 0 hits, 0 errors, 0 left on base; State College 3 - Milwaukee (NYP) 1 |
| TOP OF THE 4TH |
|
State College Spikes batting - Pitching for Milwaukee (NYP) Brewers : RHP Brad Nathan
|
|
Batting: RHB Shou-feng Chang
|
0-0: Fly out, F8 (Flyball, 89D, EV 101.2 MPH)
|
|
Batting: SHB Bobby Mercado
|
0-0: Called Strike 0-1: Foul Ball, location: 2F 0-2: Ball 1-2: Strikes out swinging
|
|
Batting: SHB Justin Towry
|
0-0: Fly out, F2 (Popup, 5SF, EV 75.6 MPH)
|
| Top of the 4th over - 0 runs, 0 hits, 0 errors, 0 left on base; State College 3 - Milwaukee (NYP) 1 |
| BOTTOM OF THE 4TH |
|
Milwaukee (NYP) Brewers batting - Pitching for State College Spikes : LHP Eddie San Miguel
|
|
Batting: RHB Lorenzo Diaz
|
0-0: Called Strike 0-1: Ball 1-1: Called Strike 1-2: Strikes out swinging
|
|
Batting: LHB Tyler Francis
|
0-0: Ball 1-0: DOUBLE (Line Drive, 9LS, EV 100.6 MPH)
|
|
Batting: SHB Sam Bingham
|
0-0: Called Strike 0-1: Called Strike 0-2: Fly out, F9 (Line Drive, 9S, EV 91.9 MPH)
|
|
Batting: LHB Greg Reedy
|
0-0: Ball 1-0: Ball 2-0: Swinging Strike 2-1: Ball 3-1: Called Strike 3-2: Strikes out swinging
|
| Bottom of the 4th over - 0 runs, 1 hit, 0 errors, 1 left on base; State College 3 - Milwaukee (NYP) 1 |
| TOP OF THE 5TH |
|
State College Spikes batting - Pitching for Milwaukee (NYP) Brewers : RHP Brad Nathan
|
|
Batting: LHB Ken Compton
|
0-0: Foul Ball, location: 2F 0-1: Foul Ball, location: 2F 0-2: Ball 1-2: Strikes out swinging
|
|
Batting: RHB Nick Latulippe
|
0-0: Ball 1-0: Ground out U3 (Groundball, 3S, EV 86.9 MPH)
|
|
Batting: LHB Mike East
|
0-0: Ball 1-0: Swinging Strike 1-1: Ground out 4-3 (Groundball, 4, EV 100.0 MPH)
|
| Top of the 5th over - 0 runs, 0 hits, 0 errors, 0 left on base; State College 3 - Milwaukee (NYP) 1 |
| BOTTOM OF THE 5TH |
|
Milwaukee (NYP) Brewers batting - Pitching for State College Spikes : LHP Eddie San Miguel
|
|
Batting: RHB Juan Villanueva
|
0-0: Ball 1-0: Ground out 5-3 (Groundball, 5, EV 103.8 MPH)
|
|
Batting: LHB Fumito Sakurai
|
0-0: Ball 1-0: Ball 2-0: Ground out 4-3 (Groundball, 4, EV 85.6 MPH)
|
|
Batting: SHB Jerry Duffy
|
0-0: Swinging Strike 0-1: Ball 1-1: Foul Ball, location: 2F 1-2: Strikes out looking
|
| Bottom of the 5th over - 0 runs, 0 hits, 0 errors, 0 left on base; State College 3 - Milwaukee (NYP) 1 |
| TOP OF THE 6TH |
|
State College Spikes batting - Pitching for Milwaukee (NYP) Brewers : RHP Brad Nathan
|
|
Batting: RHB Ben Politi
|
0-0: Ball 1-0: Ball 2-0: Called Strike 2-1: Foul Ball, location: 2F 2-2: Ground out 3-1 (Groundball, 34, EV 98.1 MPH)
|
|
Batting: RHB Nelson Salamanca
|
0-0: SINGLE (Line Drive, 7LS, EV 89.4 MPH)
|
|
Batting: LHB Ken Morehead
|
0-0: Ball 1-0: Called Strike 1-1: Called Strike Nelson Salamanca steals 2nd base 1-2: Foul Ball, location: 2F 1-2: Ball Wild Pitch! Nelson Salamanca to third 2-2: Foul Ball, location: 2F 2-2: Foul Ball, location: 2F 2-2: Foul Ball, location: 2F 2-2: Foul Ball, location: 2F 2-2: Ball 3-2: Intentional Walk
|
|
Pitching: RHP Dustin Pryor
|
|
|
Batting: RHB Shou-feng Chang
|
0-0: Called Strike 0-1: Ball 1-1: Ball 2-1: Ball 3-1: Base on Balls Ken Morehead to second
|
|
Batting: SHB Bobby Mercado
|
0-0: Ball Wild Pitch! Nelson Salamanca scores Ken Morehead to third Shou-feng Chang to second 1-0: Swinging Strike 1-1: Ball 2-1: Ball 3-1: Swinging Strike 3-2: Foul Ball, location: 2F 3-2: Base on Balls
|
|
Batting: SHB Justin Towry
|
0-0: SINGLE (Groundball, 4MD, EV 96.2 MPH) Ken Morehead scores Shou-feng Chang to third Bobby Mercado to second Runner from 3rd tries for Home, SAFE, throw by CF to home
|
|
Batting: LHB Ken Compton
|
0-0: Called Strike 0-1: Fielders Choice at 2nd, 1-6 (Groundball, P, EV 71.9 MPH) Bobby Mercado to third
|
|
Batting: RHB Nick Latulippe
|
0-0: Called Strike 0-1: Called Strike 0-2: Strikes out swinging
|
| Top of the 6th over - 3 runs, 2 hits, 0 errors, 2 left on base; State College 6 - Milwaukee (NYP) 1 |
| BOTTOM OF THE 6TH |
|
Milwaukee (NYP) Brewers batting - Pitching for State College Spikes : LHP Eddie San Miguel
|
|
Batting: RHB Dan Allred
|
0-0: Swinging Strike 0-1: Foul Ball, location: 2F 0-2: Strikes out swinging
|
|
Batting: RHB Tony Beaumond
|
0-0: Ball 1-0: SINGLE (Groundball, 56D, EV 101.2 MPH)
|
|
Batting: RHB Lorenzo Diaz
|
0-0: Ball Wild Pitch! Tony Beaumond to second 1-0: Ground out 4-3 (Groundball, 4S, EV 71.9 MPH) Tony Beaumond to third
|
|
Batting: LHB Tyler Francis
|
0-0: Swinging Strike 0-1: Ground out 4-3 (Groundball, 34, EV 84.4 MPH)
|
| Bottom of the 6th over - 0 runs, 1 hit, 0 errors, 1 left on base; State College 6 - Milwaukee (NYP) 1 |
| TOP OF THE 7TH |
|
State College Spikes batting - Pitching for Milwaukee (NYP) Brewers : RHP Dustin Pryor
|
|
Batting: LHB Mike East
|
0-0: Ball 1-0: Swinging Strike 1-1: Foul Ball, location: 2F 1-2: Foul Ball, location: 2F 1-2: Ball 2-2: Ball 3-2: Fly out, F7 (Flyball, 78S, EV 90.6 MPH)
|
|
Pitching: LHP Tim Phillips
|
|
|
Batting: RHB Ben Politi
|
0-0: Ball 1-0: Called Strike 1-1: Foul Ball, location: 2F 1-2: Ball 2-2: Foul Ball, location: 2F 2-2: Ball 3-2: Base on Balls
|
|
Batting: RHB Nelson Salamanca
|
0-0: Called Strike 0-1: Ball Ben Politi is caught stealing 2nd base 2-4 1-1: Ball 2-1: SINGLE (Flyball, 7LS, EV 85.6 MPH)
|
|
Batting: LHB Ken Morehead
|
0-0: Foul Ball, location: 2F 0-1: Foul Ball, location: 2F 0-2: Ball 1-2: Foul Ball, location: 2F 1-2: Foul Ball, location: 2F 1-2: Fly out, F9 (Line Drive, 9, EV 91.2 MPH)
|
| Top of the 7th over - 0 runs, 1 hit, 0 errors, 1 left on base; State College 6 - Milwaukee (NYP) 1 |
| BOTTOM OF THE 7TH |
|
Milwaukee (NYP) Brewers batting - Pitching for State College Spikes : LHP Eddie San Miguel
|
|
Batting: SHB Sam Bingham
|
0-0: Swinging Strike 0-1: SINGLE (Groundball, 6, EV 97.5 MPH)
|
|
Batting: LHB Greg Reedy
|
0-0: Ball Sam Bingham steals 2nd base 1-0: Ball 2-0: Called Strike 2-1: Ball 3-1: Base on Balls
|
|
Batting: RHB Juan Villanueva
|
0-0: Ball 1-0: Ball 2-0: Called Strike 2-1: SINGLE (Line Drive, 3L, EV 101.9 MPH) Sam Bingham to third Greg Reedy to second
|
|
Batting: LHB Fumito Sakurai
|
0-0: SINGLE (Groundball, 56S, EV 68.1 MPH) (infield hit) Sam Bingham scores Greg Reedy to third Juan Villanueva to second
|
|
Batting: SHB Jerry Duffy
|
0-0: Called Strike 0-1: Ball 1-1: Ball 2-1: Foul Ball, location: 2F 2-2: Foul Ball, location: 2F 2-2: SINGLE (Line Drive, 78M, EV 108.8 MPH) Greg Reedy scores Juan Villanueva to third Fumito Sakurai to second Runner from 3rd tries for Home, SAFE, throw by LF to home
|
|
Pitching: RHP Jace Daniels
|
|
|
Pinch Hitting: LHB Dusty Bryant
|
0-0: DOUBLE (Flyball, 8LXD, EV 95.0 MPH) Fumito Sakurai scores Jerry Duffy to third
|
|
Batting: RHB Tony Beaumond
|
0-0: Called Strike 0-1: Ball 1-1: Called Strike 1-2: Ground out 5-3 (Groundball, 5S, EV 68.1 MPH)
|
|
Batting: RHB Lorenzo Diaz
|
0-0: Ball 1-0: Foul Ball, location: 2F 1-1: Ball 2-1: Called Strike 2-2: Strikes out swinging
|
|
Batting: LHB Tyler Francis
|
0-0: Foul Ball, location: 2F 0-1: Foul Ball, location: 2F 0-2: Ball 1-2: Foul Ball, location: 2F 1-2: Ground out 4-3 (Groundball, 4S, EV 68.1 MPH)
|
| Bottom of the 7th over - 4 runs, 5 hits, 0 errors, 2 left on base; State College 6 - Milwaukee (NYP) 5 |
| TOP OF THE 8TH |
|
State College Spikes batting - Pitching for Milwaukee (NYP) Brewers : LHP Tim Phillips
|
|
Now in CF: Fumito Sakurai
|
|
|
Now in RF: Steven Donovan
|
|
|
Batting: RHB Shou-feng Chang
|
0-0: Foul Ball, location: 2F 0-1: Ball 1-1: Foul Ball, location: 2F 1-2: Foul Ball, location: 2F 1-2: Strikes out swinging
|
|
Batting: SHB Bobby Mercado
|
0-0: Ball 1-0: SINGLE (Flyball, 8RS, EV 95.0 MPH)
|
|
Batting: SHB Justin Towry
|
0-0: Ball 1-0: Called Strike 1-1: Ball 2-1: TRIPLE (Flyball, 8LD, EV 80.0 MPH) Bobby Mercado scores
|
|
Batting: LHB Ken Compton
|
0-0: Ball 1-0: Ball 2-0: Foul Ball, location: 2F 2-1: Ball 3-1: Base on Balls
|
|
Pitching: RHP Omar Morales
|
|
|
Batting: RHB Nick Latulippe
|
0-0: Called Strike Ken Compton steals 2nd, throwing error, E2 Justin Towry scores Ken Compton to third 0-1: Called Strike 0-2: Foul Ball, location: 2F 0-2: Ball 1-2: Ball 2-2: SINGLE (Line Drive, 6M, EV 106.2 MPH) Ken Compton scores
|
|
Batting: LHB Mike East
|
0-0: Called Strike Nick Latulippe steals 2nd, throwing error, E2 Nick Latulippe to third 0-1: Swinging Strike 0-2: Strikes out swinging
|
|
Batting: RHB Ben Politi
|
0-0: Called Strike 0-1: TRIPLE (Line Drive, 89XD, EV 111.9 MPH) Nick Latulippe scores
|
|
Batting: RHB Nelson Salamanca
|
0-0: Called Strike 0-1: Foul Ball, location: 2F 0-2: Ball 1-2: Foul Ball, location: 2F 1-2: SINGLE (Groundball, 6MD, EV 96.2 MPH) Ben Politi scores
|
|
Batting: LHB Ken Morehead
|
0-0: Ground out 4-3 (Groundball, 4, EV 87.5 MPH)
|
| Top of the 8th over - 5 runs, 5 hits, 2 errors, 1 left on base; State College 11 - Milwaukee (NYP) 5 |
| BOTTOM OF THE 8TH |
|
Milwaukee (NYP) Brewers batting - Pitching for State College Spikes : RHP Jace Daniels
|
|
Batting: SHB Sam Bingham
|
0-0: Called Strike 0-1: Called Strike 0-2: Ball 1-2: Hit by Pitch
|
|
Batting: LHB Greg Reedy
|
0-0: Ball 1-0: Called Strike 1-1: Foul Ball, location: 2F 1-2: Strikes out swinging
|
|
Batting: RHB Juan Villanueva
|
0-0: Ball 1-0: Grounds into double play, 5-4-3 (Groundball, 5, EV 80.6 MPH)
|
| Bottom of the 8th over - 0 runs, 0 hits, 0 errors, 0 left on base; State College 11 - Milwaukee (NYP) 5 |
| TOP OF THE 9TH |
|
State College Spikes batting - Pitching for Milwaukee (NYP) Brewers : RHP Omar Morales
|
|
Batting: RHB Shou-feng Chang
|
0-0: Ball 1-0: Called Strike 1-1: Foul Ball, location: 2F 1-2: Ground out 6-3 (Groundball, 6, EV 83.1 MPH)
|
|
Batting: SHB Bobby Mercado
|
0-0: Ball 1-0: Called Strike 1-1: Called Strike 1-2: Ball 2-2: Strikes out looking
|
|
Batting: SHB Justin Towry
|
0-0: Ground out 6-3 (Groundball, 4M, EV 85.0 MPH)
|
| Top of the 9th over - 0 runs, 0 hits, 0 errors, 0 left on base; State College 11 - Milwaukee (NYP) 5 |
| BOTTOM OF THE 9TH |
|
Milwaukee (NYP) Brewers batting - Pitching for State College Spikes : RHP Jace Daniels
|
|
Batting: LHB Fumito Sakurai
|
0-0: Hit by Pitch
|
|
Batting: SHB Jerry Duffy
|
0-0: Swinging Strike 0-1: Ball 1-1: Ball 2-1: Swinging Strike 2-2: Foul Ball, location: 2F 2-2: Strikes out swinging
|
|
Batting: LHB Steven Donovan
|
0-0: Swinging Strike 0-1: Called Strike 0-2: Ball 1-2: Ball Wild Pitch! Fumito Sakurai to second 2-2: Strikes out swinging
|
|
Batting: RHB Tony Beaumond
|
0-0: Ball 1-0: Swinging Strike 1-1: Fly out, F7 (Line Drive, 7D, EV 91.9 MPH)
|
| Bottom of the 9th over - 0 runs, 0 hits, 0 errors, 1 left on base; State College 11 - Milwaukee (NYP) 5 |
|